cohdb
Replays
Latest Replays
All Replays
Popular Replays
Top Player Replays
Match Explorer
How It Works
Community
CoH3 Stats
Reddit
Sign in to upload your games and track your stats! →
Sign in with Steam
Match 39162674
Unlisted
Match 39162674
Overview
Messages
Build Orders
End
Scout Squad
Construct Barracks
Riflemen Squad
Selects Advanced Infantry Battlegroup
Riflemen Squad
Riflemen Squad
Riflemen Squad
Infantry Support Center
Construct Motor Pool
Engineer Squad
M8 Greyhound Armored Car
Selects Convert to Ranger Squad
Construct Medical Station
Grenade Package
PayPerPaper
寶兔兔
0
0
Comments
sign in to comment!
No comments posted yet!